 Dungeon Crawl Stone Soup version 0.26-a0-663-g36e8fdb655 (webtiles) character file.

Game seed: 17948702315785533114

1709 marklar909 the Vandal (level 9, -6/69 HPs)
             Began as a Formicid Abyssal Knight on Oct 13, 2020.
             Was a Believer of Lugonu.
             Mangled by an orc warrior
             ... wielding a cursed -2 battleaxe
              (13 damage)
             ... on level 5 of the Dungeon.
             The game lasted 00:16:14 (10261 turns).

marklar909 the Vandal (Formicid Abyssal Knight)    Turns: 10261, Time: 00:16:15

Health: -6/69      AC: 10    Str: 20    XL:     9   Next: 23%
Magic:  10/10      EV: 10    Int: 12    God:    Lugonu [**....]
Gold:   149        SH:  0    Dex: 10    Spells: 8/8 levels left

rFire    . . .     SeeInvis +   a - +1 mace
rCold    . . .     Faith    .   (no shield)
rNeg     . . .     Spirit   .   m - +0 scale mail
rPois    .         Reflect  .   (helmet unavailable)
rElec    .         Harm     .   i - +2 cloak
rCorr    .         Rampage  .   (no gloves)
MR       .....                  (no boots)
Stlth    ..........             (no amulet)
HPRegen  0.21/turn              (no ring)
MPRegen  0.12/turn              (no ring)

@: no status effects
A: permanent stasis, dig shafts and tunnels, four strong arms, antennae 3
a: Dig, Shaft Self, Depart the Abyss, Bend Space, Renounce Religion


You were on level 5 of the Dungeon.
You worshipped Lugonu.
Lugonu was pleased with you.
You visited 1 branch of the dungeon, and saw 6 of its levels.
You visited the Abyss 1 time.

You collected 266 gold pieces.
You spent 117 gold pieces at shops.

Inventory:

Hand Weapons
 a - a +1 mace (weapon)
 b - a +0 hunting sling
 u - a +0 hand crossbow
Missiles
 h - 35 bolts
 k - 25 sling bullets
 l - 61 stones (quivered)
Armour
 i - a +2 cloak (worn)
 m - a +0 scale mail (worn)
Wands
 t - a wand of random effects (8)
Scrolls
 c - 3 scrolls of magic mapping
 e - 2 scrolls of immolation
 f - 4 scrolls of identify
 j - a scroll of remove curse
 o - a scroll of blinking {unknown}
 p - a scroll of amnesia
 w - a scroll of vulnerability {unknown}
 y - a scroll of noise {unknown}
Potions
 d - a potion of ambrosia
 g - 2 potions of cancellation {unknown}
 n - 3 potions of degeneration {unknown}
 q - a potion of flight {unknown}
 r - 4 potions of curing
 s - a potion of might {unknown}
 v - a potion of stabbing {unknown}


   Skills:
 + Level 5.7 Fighting
 + Level 5.9 Maces & Flails
 + Level 6.7 Slings
 + Level 5.8 Armour
 + Level 2.3 Dodging
 + Level 2.0 Stealth
 + Level 2.2 Invocations


You had 8 spell levels left.
You didn't know any spells.
Your spell library was empty.

Dungeon Overview and Level Annotations

Branches:
Dungeon (6/15)
 Temple: D:4-7

Altars:
Elyvilon
Ru
Yredelemnul
The Shining One

Shops:
D:4 [}

Annotations:
D:4 1 runed translucent door


Innate Abilities, Weirdness & Mutations

You cannot be hasted, slowed, berserked, paralysed or teleported.
You can dig through walls and to a lower floor.
Your four strong arms can wield two-handed weapons with a shield.
You have a pair of large antennae on your head. (SInv)


Message History

Evoke which item? (* to show all) (? for menu, Esc to quit)
Okay, then.
Evoke which item? (* to show all) (? for menu, Esc to quit)
Aiming: Random Effects
Press: ? - help, Shift-Dir - straight line, f/p - orc warrior
Aim: an orc warrior, wielding a -2 battleaxe and wearing a +0 plate armour (almost dead, fast)
The orc warrior seems to slow down.
The orc warrior hits you with a cursed -2 battleaxe!
* * * LOW HITPOINT WARNING * * *
Unknown command.
Unknown command.
The orc warrior is no longer moving slowly.
The orc warrior hits you with a cursed -2 battleaxe!!
* * * LOW HITPOINT WARNING * * *
You see here 19 arrows.
You feel much better.
The orc warrior hits you with a cursed -2 battleaxe!
* * * LOW HITPOINT WARNING * * *
The orc warrior hits you with a cursed -2 battleaxe!
You die...

##.....# ###...## #...#
##..## # ###..[.## ##
.#..##..### ##.
.[.####...## ###.. ..)##
###..######## ##....
....#
##......@o##########.....
..<.#
##..#....................
....#
#...################.....
....# ##..##
#############... ..[.#
#...# ##.........####..
..[## ##..##
##...........# ### ...#
#..<# ##............## #
...####..##
#..............## #
....##.[.#
#...............###


You could see an orc warrior (fast).

Vanquished Creatures
  Sigmund (D:3)
  A water moccasin (D:6)
  2 ice beasts
  A sky beast (D:4)
  An ogre (D:4)
  Blork the orc (D:5)
  2 bullfrogs
  A gnoll sergeant (D:6)
  2 scorpions
  3 orc priests
  2 hounds
  3 orc wizards
  A centaur skeleton (D:6)
  A bullfrog skeleton (D:5)
  3 iguanas
  4 worker ants
  2 hound skeletons
  7 gnolls
  A howler monkey zombie (D:6)
  A worker ant zombie (D:5)
  6 adders
  A river rat (D:5)
  A shadow imp (D:2)
  2 ufetubi (D:5)
  3 worms
  2 dart slugs
  4 leopard geckos
  14 orcs
  4 giant cockroaches
  7 goblins
  3 hobgoblins
  7 jackals
  4 quokkas
  A ball python (D:5)
  2 bats (D:1)
  2 frilled lizards
  2 kobolds
  A leopard gecko skeleton (D:6)
  A quokka zombie (D:6)
  4 rats
111 creatures vanquished.

Notes
Turn   | Place    | Note
-------+----------+-------------------------------------------
     0 | Abyss:1  | marklar909 the Formicid Abyssal Knight began the quest for
                  | the Orb.
     0 | Abyss:1  | Reached XP level 1. HP: 18/18 MP: 2/2
     6 | Abyss:1  | Found a corrupted altar of Lugonu.
    60 | Abyss:1  | Noticed a smoke demon
    72 | D:1      | Escaped the Abyss
   111 | D:1      | Reached skill level 1 in Dodging
   298 | D:1      | Reached XP level 2. HP: 24/24 MP: 3/3
   394 | D:1      | Reached * piety under Lugonu
  1183 | D:2      | Reached XP level 3. HP: 17/30 MP: 4/4
  2002 | D:2      | Reached XP level 4. HP: 36/37 MP: 5/5
  2931 | D:3      | Found a sacrificial altar of Ru.
  2969 | D:3      | Reached skill level 1 in Slings
  3092 | D:3      | Noticed Sigmund
  3118 | D:3      | Killed Sigmund
  3118 | D:3      | Reached skill level 2 in Slings
  3118 | D:3      | Reached skill level 1 in Stealth
  3118 | D:3      | Reached XP level 5. HP: 22/42 MP: 6/6
  3118 | D:3      | Reached XP level 6. HP: 25/48 MP: 7/7
  3663 | D:4      | Reached ** piety under Lugonu
  3762 | D:4      | Reached skill level 3 in Slings
  4217 | D:4      | Found a white marble altar of Elyvilon.
  4217 | D:4      | Found a runed translucent door.
  4217 | D:4      | Noticed an angel
  4224 | D:4      | Found Melots's Antique Armour Shop.
  4241 | D:4      | Reached XP level 7. HP: 48/55 MP: 8/8
  4309 | D:4      | Bought a cloak for 117 gold pieces
  5069 | D:4      | Found Raeluoni's Gadget Boutique.
  5872 | D:4      | Reached skill level 4 in Slings
  6025 | D:4      | Found a glowing golden altar of the Shining One.
  6282 | D:5      | Entered Level 5 of the Dungeon
  6403 | D:5      | Reached XP level 8. HP: 46/61 MP: 9/9
  6499 | D:4      | Reached skill level 5 in Armour
  6729 | D:5      | Noticed Blork the orc
  6750 | D:5      | Reached skill level 5 in Maces & Flails
  6759 | D:5      | Killed Blork the orc
  7702 | D:5      | Reached skill level 5 in Slings
  7804 | D:5      | Reached skill level 5 in Fighting
  8858 | D:6      | Reached skill level 6 in Slings
  9098 | D:6      | Reached XP level 9. HP: 49/68 MP: 10/10
  9779 | D:6      | Found a basalt altar of Yredelemnul.
 10258 | D:5      | HP: 2/69 [orc warrior/cursed -2 battleaxe (18)]
 10261 | D:5      | Mangled by an orc warrior

Illustrated notes

Levels and vault maps discovered:
D:1:      sevenhm_arrival_forest_fort_small_6, layout_basic
D:2:      layout_basic
D:3:      layout_loops_ring, corexii_shack, hangedman_ru_absence, uniq_sigmund
D:4:      layout_basic, nicolae_tso_swordbearing_angel, serial_shops,
          nicolae_shop_temple_entry_statues_fountains, shop_fountains,
          lemuel_angel_altar
D:5:      layout_cave_pods, cheibrodos_sewer_entry_sluice, uniq_blork_the_orc
D:6:      layout_layer_cave, basic_altar

Skill      XL: |  1  2  3  4  5  6  7  8  9 |
---------------+----------------------------+-----
Dodging        | 1 2 |  2.3
Maces & Flails | 3 4 5 |  5.9
Slings         | 2 3 4 6 |  6.7
Fighting       | 4 5 |  5.7
Armour         | 3 4 5 |  5.8
Stealth        | 1 2 |  2.0
Invocations    | |  2.2

Action                   |  1- 3 |  4- 6 |  7- 9 || total
-------------------------+-------+-------+-------++-------
Melee: Mace              |    66 |    80 |   306 ||   452
 Fire: Hunting sling     |    20 |    74 |   180 ||   274
Invok: Depart the Abyss  |     1 |       |       ||     1
       Bend Space        |       |       |     1 ||     1
 Abil: Dig               |       |       |     3 ||     3
Evoke: Wand              |       |       |     8 ||     8
  Use: Potion            |       |     3 |     1 ||     4
       Scroll            |       |       |     8 ||     8
Armor: Leather armour    |    18 |       |       ||    18
       Scale mail        |     8 |    35 |   156 ||   199
Dodge: Dodged            |    52 |    54 |   157 ||   263

Table legend: (Time is in decaauts)
 A = Elapsed time spent in this place.
 B = Non-inter-level travel time spent in this place.
 C = Inter-level travel time spent in this place.
 D = Time resting spent in this place.
 E = Time spent auto-exploring this place.
 F = Levels seen in this place.
 G = Mean time per level.
                   A        B        C        D        E       F      G
               +--------+--------+--------+--------+--------+-----+--------+
         Total |  10303 |   9793 |    510 |   2668 |   5289 |   7 | 1471.9 |
       Dungeon |  10231 |   9721 |    510 |   2668 |   5230 |   6 | 1705.2 |
         Abyss |     72 |     72 |      0 |      0 |     59 |   1 |   72.0 |
               +--------+--------+--------+--------+--------+-----+--------+

Top non-repeatable levels by time:
     D:4: 2661 daAuts
     D:5: 1876 daAuts
     D:2: 1762 daAuts
     D:3: 1702 daAuts
     D:6: 1281 daAuts
     D:1: 946 daAuts
 Abyss:1: 72 daAuts
